Map: Orbital Shipyard

Players

SlayerSMMA

  • Race: Terran Terran
  • League: Diamond

Barren - Winner!

  • Race: Protoss Protoss
  • League: Diamond

VOD

Have the link to the VOD?

Description

Time

  • Played on: Jan. 17, 2016, 7:55 p.m.
  • Length: 17:46
Show
View Real Time Build Order
Export as new Build Order

SlayerSMMA Terran 

Build Orders: Reaper Expand, MMM Bio 

Get SALT Encoding   

  12  0:01  SCV  
  13  0:13  SCV  
  14  0:18  Supply Depot  
  14  0:25  SCV  
  15  0:40  SCV  
  15  0:41  Barracks  
  16  0:46  Refinery  
  16  0:52  SCV  
  17  1:04  SCV  
  18  1:16  SCV  
  19  1:29  Orbital Command  
  19  1:30  Reaper  
  20  1:48  Command Center  
  20  1:57  SCV  
  20  1:58  Supply Depot  
  21  2:10  SCV, Barracks Reactor  
  22  2:20  Bunker  
  22  2:22  SCV  
  23  2:29  Factory  
  23  2:30  Refinery  
  23  2:34  SCV  
  22  2:46  SCV  
  22  2:47  Marine x2  
  22  2:51  Engineering Bay  
  26  2:58  SCV  
  26  3:02  Orbital Command  
  26  3:06  Marine  
  26  3:10  SCV  
  26  3:12  Widow Mine  
  30  3:20  Starport  
  30  3:22  SCV  
  31  3:31  Marine x2  
  33  3:47  SCV  
  34  3:48  Marine  
  34  3:49  Factory Tech Lab  
  34  3:55  Bunker  
  33  4:00  Marine  
  33  4:02  Viking  
  34  4:06  Marine  
  31  4:11  Cyclone  
  33  4:18  Marine  
  33  4:24  Marine  
  34  4:36  Marine  
  34  4:37  Supply Depot  
  35  4:42  Marine  
  35  4:43  Cyclone  
  35  4:52  SCV x2  
  34  4:53  Viking  
  34  4:54  Marine  
  37  5:00  Marine  
  37  5:04  SCV  
  39  5:10  SCV  
  39  5:12  Marine  
  41  5:22  SCV x2  
  45  5:32  Terran Infantry Weapons Level 1  
  45  5:34  SCV  
  46  5:38  Command Center  
  44  5:44  Barracks  
  44  5:48  Barracks  
  44  5:51  SCV x2  
  46  6:03  SCV x2  
  48  6:06  Supply Depot x2  
  48  6:08  Widow Mine  
  50  6:15  SCV  
  50  6:16  SCV, Marine x2  
  54  6:27  Medivac  
  54  6:28  SCV x2  
  58  6:33  Supply Depot  
  58  6:34  Supply Depot x2  
  58  6:37  Barracks Tech Lab  
  58  6:40  SCV  
  58  6:45  SCV, Stimpack  
  60  6:49  Marine  
  60  6:50  Marauder  
  60  6:52  SCV  
  60  6:53  Orbital Command  
  64  6:56  Marine  
  64  6:57  SCV  
  64  6:58  Factory Reactor  
  64  6:59  Medivac  
  68  7:02  Bunker  
  68  7:04  SCV  
  69  7:09  SCV  
  69  7:13  Combat Shields  
  69  7:15  Orbital Command  
  70  7:16  SCV, Marine  
  70  7:17  Marine, Marauder  
  76  7:25  Marine  
  76  7:26  Terran Infantry Armor Level 1  
  76  7:29  Missile Turret  
  76  7:34  Marine  
  77  7:38  SCV, Marauder  
  77  7:39  Missile Turret  
  77  7:40  Missile Turret  
  77  7:43  SCV  
  81  7:47  SCV  
  81  7:48  Marine  
  81  7:49  Marauder  
  81  7:50  SCV  
  86  7:52  Marine  
  86  7:55  SCV  
  86  7:58  Missile Turret  
  88  7:59  SCV, Barracks x2  
  88  8:03  SCV, Marauder  
  88  8:04  Widow Mine  
  94  8:06  Marine  
  94  8:07  Refinery  
  94  8:08  SCV  
  94  8:09  Refinery, Marine  
  94  8:10  Marine  
  94  8:11  SCV  
  99  8:15  SCV  
  100  8:20  SCV  
  100  8:23  Supply Depot, SCV  
  100  8:25  Supply Depot x2  
  100  8:27  Supply Depot, Liberator, SCV  
  103  8:36  Marauder, Marine  
  103  8:38  Widow Mine  
  108  8:43  SCV  
  108  8:44  SCV  
  108  8:45  SCV, Refinery  
  108  8:46  Marine  
  108  8:47  Refinery  
  108  8:48  Barracks Reactor, Barracks Tech Lab  
  115  8:51  Concussive Shells  
  115  8:55  SCV  
  116  8:59  SCV x2  
  116  9:01  Marine x2  
  116  9:02  Marauder  
  122  9:04  Marine  
  122  9:05  Medivac  
  125  9:10  Engineering Bay  
  125  9:12  Marauder  
  125  9:14  SCV x2  
  129  9:19  Marine  
  129  9:20  Marauder  
  129  9:22  Armory, Marine x2  
  134  9:24  Marine  
  134  9:25  Marine  
  136  9:33  SCV, Marine  
  136  9:37  Marine  
  139  9:40  Marine  
  139  9:42  Marine  
  139  9:43  Supply Depot x2  
  139  9:45  Supply Depot  
  141  9:53  Supply Depot  
  141  9:54  Supply Depot  
  141  9:55  Supply Depot  
  141  10:04  Marauder x3, Marine x2  
  141  10:05  Medivac  
  141  10:06  Marine, Medivac  
  141  10:07  Marine  
  155  10:18  Command Center, Liberator  
  155  10:22  Marine x2  
  155  10:26  Missile Turret, Marauder x2  
  161  10:30  Marauder, Marine  
  161  10:33  Marine  
  165  10:40  Marine  
  165  10:41  Marine  
  170  10:43  Widow Mine  
  170  10:47  Marauder x2  
  170  10:48  Marine  
  177  10:51  Marauder  
  177  10:52  Marine  
  177  10:54  Terran Infantry Weapons Level 2  
  177  10:56  Terran Infantry Armor Level 2  
  180  10:58  Terran Ship Weapons Level 1  
  180  11:04  Barracks  
  180  11:06  Barracks x2, Marine x3  
  180  11:07  Barracks, Medivac  
  180  11:09  Marauder x2  
  189  11:19  Supply Depot  
  189  11:20  Supply Depot  
  189  11:21  Supply Depot  
  189  11:29  Medivac, Marine  
  189  11:30  Orbital Command, Marauder  
  194  11:34  Marine  
  194  11:35  Marine x2, Marauder  
  199  11:46  Marauder  
  200  11:54  Barracks Tech Lab  
  200  11:55  Barracks Tech Lab, Factory Reactor  
  200  11:57  Starport  
  200  12:03  Barracks Tech Lab  
  200  12:04  Barracks Tech Lab  
  200  12:06  Barracks Reactor  
  200  12:11  Barracks Tech Lab  
  200  12:23  Orbital Command  
  175  12:43  Marauder, Marine x3  
  117  13:05  Marauder, Marine x2  
  110  13:06  Marauder x2, Marine  
  115  13:18  Marauder, Marine x3  
  120  13:22  Orbital Command  
  120  13:23  Liberator  
  120  13:27  Marine  
  120  13:28  Marauder, Marine x2  
  120  13:29  Viking x2  
  129  13:35  Terran Infantry Weapons Level 3, Terran Infantry Armor Level 3  
  129  13:38  Terran Ship Weapons Level 2, Marine x2  
  137  13:49  Liberator  
  137  14:02  Viking, Marine  
  142  14:04  Viking  
  142  14:06  Liberator  
  142  14:18  Marauder, Marine x2  
  142  14:19  Marine x3  
  142  14:20  Command Center  
  142  14:21  Command Center  
  152  14:25  Marauder, Marine  
  152  14:28  Ghost Academy  
  155  14:36  Marauder  
  157  14:42  Liberator x3  
  157  14:49  Liberator  
  157  14:51  Marauder, Marine x3  
  157  14:52  Marauder x3  
  168  14:57  Marauder, Marine x3  
  168  14:58  Marauder  
  187  15:09  Marine x2  
  187  15:12  Marine  
  187  15:13  Marine x2, Marauder x2  
  190  15:28  Marauder, Marine x2  
  189  15:39  Marine x2  
  189  15:40  Marauder  
  193  15:43  Marauder, Marine  
  193  15:47  Marauder, Marine x2  
  197  15:59  Marauder, Marine  
  198  16:27  Marauder  
  193  16:41  Marauder, Marine x2  
  115  17:02  Marauder, Marine  
  115  17:08  Marauder, Marine x2  
  85  17:16  Marauder, Marine  
  85  17:17  Marauder, Marine x3  
  85  17:18  Marauder  
  85  17:20  Marine  
  88  17:24  Marauder  
  88  17:25  Marine  
  88  17:27  Marine  
Show
View Real Time Build Order
Export as new Build Order

Barren Protoss - Winner!

Build Orders:  

Get SALT Encoding   

  12  0:01  Probe (Chrono Boost)  
  13  0:11  Probe (Chrono Boost)  
  14  0:20  Pylon  
  14  0:28  Probe (Chrono Boost)  
  15  0:39  Probe (Chrono Boost), Gateway  
  17  0:50  Probe (Chrono Boost)  
  17  0:51  Assimilator  
  17  1:00  Probe (Chrono Boost)  
  17  1:01  Assimilator  
  18  1:11  Probe (Chrono Boost)  
  19  1:19  Gateway  
  19  1:28  Cybernetics Core  
  19  1:32  Pylon  
  19  1:37  Probe (Chrono Boost)  
  20  1:53  Probe (Chrono Boost)  
  21  2:05  Mothership Core (Chrono Boost), Adept x2  
  27  2:23  Probe (Chrono Boost)  
  28  2:37  Adept  
  30  2:49  Pylon  
  30  2:50  Probe (Chrono Boost)  
  31  3:03  Pylon  
  31  3:07  Pylon  
  31  3:24  Pylon  
  31  3:31  Probe (Chrono Boost)  
  31  3:32  Adept x2  
  31  3:34  Nexus  
  36  3:42  Probe (Chrono Boost)  
  33  3:59  Adept x2  
  38  4:10  Probe (Chrono Boost)  
  38  4:13  Stargate  
  38  4:20  Probe (Chrono Boost)  
  37  4:27  Pylon  
  34  4:41  Probe (Chrono Boost)  
  35  4:51  Probe (Chrono Boost)  
  35  4:52  Robotics Facility  
  32  4:55  Gateway  
  32  4:56  Probe (Chrono Boost)  
  32  4:57  Gateway  
  33  5:00  Warp Gate (Chrono Boost)  
  33  5:01  Probe  
  33  5:06  Probe  
  34  5:13  Probe  
  36  5:19  Adept x2  
  40  5:22  Probe  
  40  5:27  Mothership Core  
  43  5:32  Probe  
  43  5:34  Pylon  
  43  5:35  Pylon  
  44  5:38  Pylon  
  44  5:39  Observer  
  45  5:43  Probe  
  45  5:48  Stalker x3, Probe  
  53  5:52  Stalker  
  53  5:53  Probe  
  56  6:01  Pylon  
  56  6:09  Probe x2, Immortal (Chrono Boost)  
  62  6:33  Probe  
  62  6:35  Probe  
  62  6:39  Assimilator  
  64  6:42  Assimilator  
  64  6:48  Observer (Chrono Boost)  
  64  6:51  Forge  
  65  6:56  Probe  
  65  6:57  Probe, Forge  
  67  7:06  Probe  
  68  7:09  Probe  
  69  7:15  Zealot  
  69  7:16  Zealot x3  
  69  7:17  Probe  
  69  7:21  Probe  
  79  7:26  Twilight Council  
  79  7:28  Probe  
  79  7:29  Protoss Ground Weapons Level 1 (Chrono Boost)  
  80  7:30  Protoss Ground Armor Level 1 (Chrono Boost)  
  80  7:33  Probe  
  80  7:35  Immortal  
  85  7:40  Probe  
  86  7:48  Pylon  
  86  7:50  Pylon x2  
  86  7:52  Pylon  
  86  7:55  Pylon  
  86  8:05  Charge (Chrono Boost)  
  86  8:09  Nexus  
  86  8:10  Pylon  
  86  8:13  Pylon  
  86  8:16  Photon Cannon  
  86  8:18  Photon Cannon  
  86  8:25  Photon Cannon  
  85  8:42  Robotics Bay  
  85  8:46  Probe x2  
  85  8:47  Zealot x3  
  85  8:48  Zealot  
  95  8:57  Observer  
  95  8:58  Probe x2  
  98  9:10  Assimilator  
  98  9:15  Assimilator  
  98  9:16  Zealot  
  100  9:17  Zealot x3  
  106  9:24  Protoss Ground Weapons Level 2 (Chrono Boost)  
  106  9:33  Protoss Ground Armor Level 2 (Chrono Boost)  
  106  9:45  Zealot x4  
  114  9:52  Templar Archives  
  114  9:54  Colossus  
  120  10:15  Zealot x3  
  126  10:23  Gateway  
  126  10:26  Gateway  
  126  10:27  Gateway  
  125  10:41  Extended Thermal Lance  
  125  10:43  High Templar x4  
  125  10:46  Archon  
  125  10:47  Archon  
  133  11:01  Colossus (Chrono Boost)  
  133  11:02  Robotics Facility  
  139  11:05  Pylon  
  139  11:17  High Templar x2  
  139  11:18  High Templar x3  
  149  11:21  High Templar  
  149  11:22  Archon x2  
  151  11:25  Archon  
  151  11:31  Protoss Ground Weapons Level 3 (Chrono Boost)  
  151  11:32  Protoss Ground Armor Level 3 (Chrono Boost)  
  151  11:42  Gateway  
  151  11:44  Gateway x2  
  151  11:53  Warp Prism (Chrono Boost)  
  153  12:04  Zealot x4  
  153  12:05  Zealot x2  
  165  12:24  Nexus  
  165  12:26  Pylon  
  165  12:27  Pylon  
  140  12:41  Zealot  
  140  12:42  Zealot x5  
  125  12:58  Zealot  
  99  13:07  High Templar x4  
  99  13:08  High Templar x2  
  111  13:14  Archon x3  
  111  13:20  Probe x2  
  111  13:21  Probe  
  111  13:22  Psionic Storm  
  111  13:26  Colossus (Chrono Boost)  
  126  13:35  Colossus (Chrono Boost)  
  126  13:40  Probe  
  126  13:41  Probe x2  
  129  13:44  Zealot x2  
  129  13:45  Zealot x2  
  137  13:54  Zealot x2  
  137  13:55  Zealot x4  
  149  13:59  Probe  
  149  14:00  Probe x3  
  153  14:07  Pylon  
  153  14:09  Pylon  
  153  14:10  High Templar x4  
  153  14:12  Probe, Pylon  
  153  14:15  High Templar x2  
  161  14:28  Observer (Chrono Boost)  
  161  14:31  Observer (Chrono Boost)  
  153  14:40  Probe x2  
  155  14:46  Warp Prism (Chrono Boost)  
  155  14:48  High Templar x2  
  155  14:50  Zealot x5  
  155  14:51  Zealot x3  
  176  15:03  Archon  
  175  15:24  Zealot x2  
  175  15:25  Zealot x5  
  175  15:26  Zealot x2  
  193  15:31  Zealot  
  191  15:44  Assimilator  
  191  15:46  Assimilator  
  191  15:47  Zealot x3  
  193  16:06  Pylon  
  193  16:07  Pylon  
  193  16:08  Pylon  
  192  16:17  Pylon  
  178  16:26  Zealot x3  
  178  16:27  Zealot x3  
  164  16:47  Zealot x3  
  139  16:59  Archon x2  
  117  17:13  Zealot x4  
Tags
 
Add a new tag
Caveats
  • Supply blocks, unpowered buildings, or Contaminate may cause inaccurate times.
  • Supply counts are checked every 10 seconds.